cohdb
Replays
Latest Replays
All Replays
Popular Replays
Top Player Replays
Match Explorer
How It Works
Community
CoH3 Stats
Reddit
Sign in to upload your games and track your stats! →
Sign in with Steam
Match 44174888
Unlisted
Match 44174888
Overview
Messages
Build Orders
End
Construct Weapon Support Center
Selects Armored Battlegroup
Selects Assault Engineers
Assault Engineer Squad
Assault Engineer Squad
Assault Engineer Squad
Infantry Support Center
Construct Medical Station
Construct Medical Station
M3 Armored Personnel Carrier
Assault Engineer Squad
Construct Motor Pool
Selects Fast Deploy
Selects Field Repairs
M24 Chaffee Light Tank
M24 Chaffee Light Tank
M1919 Machine Gun Team
M1919 Machine Gun Team
Mortar Pit
Mortar Pit
Selects Seek and Destroy
Selects UNKNOWN (2160077)
.30 cal Machine Gun
Construct Tank Depot
.30 cal Machine Gun
Field Repairs
M4A3E8 Sherman Easy Eight
Assault Engineer Squad
Assault Engineer Squad
Dahlian
Bish Bash Bosh
Humbarwhy
mr_ako
Jason_Beebe
LatinArmyTV
0
0
Comments
sign in to comment!
No comments posted yet!